 Dungeon Crawl Stone Soup version 0.29.1-2-gbd0b4ee654 (webtiles) character file.

Game seed: 10001277030322716933

55991 RIPer the Warrior (level 14, 0/140 HPs)
             Began as a Minotaur Hunter on Nov 14, 2022.
             Was the Champion of Okawaru.
             Slain by an orc warrior
             ... wielding a +0 scimitar
             ... led by an orc warlord
              (4 damage)
             ... on level 2 of the Orcish Mines.
             The game lasted 01:37:42 (27395 turns).

RIPer the Warrior (Minotaur Hunter)                Turns: 27395, Time: 01:37:43

Health: 0/140      AC: 18    Str: 22    XL:     14   Next: 40%
Magic:  13/13      EV: 12    Int:  6    God:    Okawaru [******]
Gold:   1968       SH:  0    Dex: 23    Spells: 11/13 levels left

rFire   . . .      SeeInvis +   b - +12 short sword "Xelij" {flame, *Rage rElec rCorr}
rCold   . . .      Faith    .   (no shield)
rNeg    . . .      Spirit   .   P - +4 ring mail of Resilience {Drain Dex+4}
rPois   .          Reflect  .   u - +2 hat
rElec   +          Harm     .   (no cloak)
rCorr   +          Rampage  .   x - +2 pair of gloves
Will    +....      Rage     20% (no boots)
Stlth   +.........              (no amulet)
HPRegen 0.33/turn               p - +6 ring of strength
MPRegen 0.13/turn               c - ring of see invisible

@: on berserk cooldown, hasted and slowed, studying Fighting, unable to read
A: horns 2, retaliatory headbutt, inability to read after injury 1
a: Renounce Religion, Heroism, Finesse, Duel


You were on level 2 of the Orcish Mines.
You worshipped Okawaru.
Okawaru was exalted by your worship.
You visited 3 branches of the dungeon, and saw 17 of its levels.

You collected 2065 gold pieces.
You spent 97 gold pieces at shops.

Inventory:

Hand Weapons
 a - a +2 shortbow of flaming
 b - the +12 short sword "Xelij" (weapon) {flame, *Rage rElec rCorr}
   (You found it on level 2 of the Dungeon)

   It burns those it strikes, dealing additional fire damage.
   rElec:     It insulates you from electricity.
   *Rage:     It berserks you when you make melee attacks (+20% chance).
   rCorr:     It protects you from acid and corrosion.
 s - a +3 short sword of draining
 G - a +3 rapier of electrocution
Missiles
 f - 145 stones
 I - a throwing net
 N - 6 javelins
Armour
 t - the +4 ring mail of the Beekeeper {rC+ rN+}
   (You took it off a kobold on level 3 of the Dungeon)

   rC:        It protects you from cold.
   rN:        It protects you from negative energy.
 u - a +2 hat (worn)
 x - a +2 pair of gloves (worn)
 P - the +4 ring mail of Resilience (worn) {Drain Dex+4}
   (Okawaru gifted it to you on level 11 of the Dungeon)

   Dex:       It affects your dexterity (+4).
   Drain:     It drains your maximum health when unequipped.
 Y - a +2 chain mail of cold resistance
Jewellery
 c - a ring of see invisible (right hand)
 p - a +6 ring of strength (left hand)
 q - an amulet of magic regeneration
 y - an amulet of faith
 A - a +4 ring of evasion
 E - a ring of protection from fire
 M - a ring of flight
 Q - the ring of Ekuefrok {rC+ Str+2}
   (You found it on level 11 of the Dungeon)

   [ring of protection from cold]

   Str:       It affects your strength (+2).
   rC:        It protects you from cold.
Wands
 n - a wand of acid (15) (quivered)
 D - a wand of polymorph (16)
 H - a wand of roots (19)
 O - a wand of mindburst (16)
 T - a wand of digging (10)
 U - a wand of flame (24)
Scrolls
 e - 2 scrolls of amnesia
 g - 13 scrolls of teleportation
 j - 11 scrolls of poison
 k - a scroll of immolation
 r - 2 scrolls of fog
 C - a scroll of noise
 F - a scroll of fear
 S - a scroll of enchant armour
 W - 2 scrolls of blinking
Potions
 d - 3 potions of berserk rage
 h - 7 potions of attraction
 i - 4 potions of mutation
 l - 3 potions of cancellation
 m - 9 potions of curing
 o - 4 potions of flight
 v - 5 potions of haste
 w - a potion of invisibility
 z - a potion of lignification
 B - a potion of ambrosia
 L - 2 potions of magic
 R - a potion of might
 V - 3 potions of brilliance
Miscellaneous
 J - a tin of tremorstones (2/2)
 X - a condenser vane


   Skills:
 + Level 17.1 Fighting
 + Level 14.0 Short Blades
 + Level 15.3 Ranged Weapons
 + Level 15.4 Armour
 - Level 2.1 Dodging
 - Level 0.7 Stealth


You had 11 spell levels left.
You knew the following spells:

 Your Spells              Type           Power      Damage    Failure   Level
a - Blink                 Tloc           0%         N/A       71%         2

Your spell library contained the following spells:

 Spells                   Type           Power      Damage    Failure   Level
 Apportation              Tloc           0%         N/A       56%         1
 Necrotise                Necr           0%         1d4       56%         1
 Shock                    Conj/Air       0%         1d3       56%         1
 Static Discharge         Conj/Air       0%         3-3/arc   71%         2
 Swiftness                Air            0%         N/A       90%         3
 Vampiric Draining        Necr           0%         2d6       90%         3
 Airstrike                Air            0%         2d(0-16)  100%        4
 Corpse Rot               Necr/Pois/Air  0%         N/A       100%        4
 Fulminant Prism          Conj/Hex       0%         3d6       100%        4
 Hailstorm                Conj/Ice       0%         3d3       100%        4
 Ice Form                 Ice/Tmut       0%         N/A       100%        4
 Iskenderun's Mystic Bla  Conj/Tloc      0%         2d3       100%        4
 Petrify                  Tmut/Erth      0%         N/A       100%        4
 Agony                    Necr           0%         N/A       100%        5
 Alistair's Intoxication  Tmut/Pois      0%         N/A       100%        5
 Blade Hands              Tmut           0%         N/A       100%        5
 Borgnjor's Vile Clutch   Necr/Erth      0%         N/A       100%        5
 Lee's Rapid Deconstruct  Erth           0%         3d5*      100%        5
 Lightning Bolt           Conj/Air       0%         1d11      100%        5
 Manifold Assault         Tloc           0%         N/A       100%        5
 Metabolic Englaciation   Hex/Ice        0%         N/A       100%        5
 Conjure Ball Lightning   Conj/Air       0%         3x3d6     100%        6
 Dispersal                Tloc           0%         N/A       100%        6
 Eringya's Noxious Bog    Tmut/Pois      0%         N/A       100%        6
 Iron Shot                Conj/Erth      0%         9d1       100%        6
 Statue Form              Tmut/Erth      0%         N/A       100%        6
 Storm Form               Tmut/Air       0%         N/A       100%        7
 Discord                  Hex            0%         N/A       100%        8
 Disjunction              Tloc           0%         N/A       100%        8
 Summon Small Mammal      Summ           Unusable   N/A       N/A         1
 Animate Armour           Summ/Erth      Unusable   N/A       N/A         4
 Simulacrum               Ice/Necr       Unusable   N/A       N/A         6

Dungeon Overview and Level Annotations

Branches:
Dungeon (14/15)            Temple (1/1) D:7            Lair (0/5) D:8
    Orc (2/2) D:9             Elf (0/3) Orc:2
 Vaults: D:13-14

Altars:
Ashenzari
Cheibriados
Dithmenos
Elyvilon
Fedhas
Gozag
Hepliaklqana
Kikubaaqudgha
Makhleb
Nemelex Xobeh
Okawaru
Qazlal
Ru
Sif Muna
Trog
Uskayaw
Vehumet
Wu Jian
Xom
Yredelemnul
Zin
The Shining One

Shops:
D:9 ?   Orc:1 ?   Orc:2 :=

Portals:
Trove: D:11 (give +2 ice dragon scales)


Innate Abilities, Weirdness & Mutations

You have a pair of horns on your head.
You reflexively headbutt those who attack you in melee.
You occasionally lose the ability to read scrolls when taking damage.


Message History

The orc warrior hits you with a +0 scimitar!!
* * * LOW HITPOINT WARNING * * *
The orc warrior hits you with a +0 scimitar.
* * * LOW HITPOINT WARNING * * *
Unknown command.
Unknown command.
Unknown command.
You feel much better. The orc warrior barely misses you.
You feel yourself speed up. The orc warrior misses you.
The orc warrior hits you with a +0 scimitar.
The orc warrior attacks as you move away!
The orc warrior closely misses you. You furiously retaliate!
You headbutt the orc warrior!
The orc priest no longer looks unusually strong.
The orc priest invokes the aid of Beogh against you.
Beogh smites you!
* * * LOW HITPOINT WARNING * * *
You cannot read scrolls in your current state!
Unknown command.
The orc warrior attacks as you move away!
The orc warrior hits you with a +0 scimitar!
* * * LOW HITPOINT WARNING * * *
The orc warrior no longer looks unusually strong.
You closely miss the orc warrior.
You headbutt the orc warrior, but do no damage.
The orc warrior is moderately wounded.
You hit the orc warrior but do no damage.
Your headbutt misses the orc warrior.
The orc warrior is moderately wounded.
The orc warrior barely misses you.
You hit the orc warrior. You burn the orc warrior.
Your headbutt misses the orc warrior.
The orc warrior is heavily wounded.
You hit the orc warrior. You burn the orc warrior.
The orc warrior is severely wounded.
The orc priest mumbles some strange prayers to Beogh against you.
Beogh smites you!
* * * LOW HITPOINT WARNING * * *
The orc warrior hits you with a +0 scimitar.
You die...

.#####....##'##.#....#####... .).
.##..#....#...#.#)...#..##..##...
).#..'....#...#.)....'..#...#....
..#..####.#####.####.#..#........
..####..........#).#.####..).....
...8##.####.....#..'.####o8...8..
....'..#.[#..⌠..#..#)oo)'oo......
...8##.'..#.....####o####o8...8..
..####.#..#.....@o.oo####........
..#..#.####.#####o####).#.)......
..#..).)....#...#.)..'..#...#....
..#..######.#...#..).#.)##..##...
..####### #.##)##..).#### ... ...
...# #.###.............# ...# ..
...# ###..###.###)#####.# ..##
#.....##.##...# # .##
##....###.##...#


You could see an orc sorcerer, an orc warrior, 2 orc priests and an orc.

Vanquished Creatures
  Saint Roka (Orc:1)
  Jorgrun (D:14)
  An orc warlord (Orc:2)
  3 hydras
  A vault guard (D:14)
  2 boulder beetles
  An ogre mage (D:11)
  A death knight (D:13)
  2 centaur warriors
  A two-headed ogre (Orc:2)
  An orc high priest (Orc:2)
  4 hell knights (D:10)
  4 skeletal warriors (D:11)
  A deep elf knight (D:14)
  Lodul (D:10)
  2 necromancers
  Pikel (D:4)
  A deep elf pyromancer (D:11)
  7 orc knights
  5 orc sorcerers (Orc:2)
  4 manticores
  3 ugly things
  6 cyclopes
  An elephant (D:8)
  A guardian serpent (shapeshifter) (D:13)
  An unseen horror (D:13)
  Maggie (D:6)
  A komodo dragon (D:11)
  2 guardian mummies (D:11)
  4 kobold demonologists
  The ghost of sydd the Vexing, a novice DsEn (D:5)
  2 yaktaurs
  2 ice devils (Orc:1)
  A tengu conjurer (D:13)
  4 efreet
  8 trolls
  Grinder (D:3)
  A hornet (D:10)
  A blink frog (shapeshifter) (D:14)
  11 slime creatures
  3 shadows
  15 yaks
  Sigmund (D:4)
  4 wraiths
  A vampire (D:9)
  3 basilisks
  15 vampire mosquitoes
  A wyvern (D:8)
  A redback (D:13)
  Menkaure (D:4)
  2 steam dragons
  Edmund (D:6)
  8 wargs
  2 acid dragons (D:11)
  7 hell hounds (D:10)
  A water moccasin (D:7)
  2 ice beasts (D:6)
  31 orc warriors
  2 black bears
  14 ogres
  A boggart (D:11)
  9 centaurs
  2 phantoms (D:7)
  8 kobold brigands
  2 bullfrogs
  2 gnoll sergeants
  2 scorpions (D:5)
  4 wights (D:6)
  12 killer bees
  8 howler monkeys
  3 electric eels (D:7)
  A crimson imp (D:4)
  3 hounds
  A gnoll bouda (D:7)
  24 orc priests
  2 jellies
  3 iguanas
  19 orc wizards
  17 gnolls
  7 adders
  A shadow imp (D:5)
  An ufetubus (D:7)
  3 worms (D:2)
  6 dart slugs
  90 orcs
  3 bats
  4 endoplasms
  3 giant cockroaches
  3 goblins
  3 hobgoblins
  6 jackals
  7 quokkas
  10 ball pythons
  2 frilled lizards (D:1)
  19 kobolds
  8 rats
  A spectral kobold (D:1)
512 creatures vanquished.

Vanquished Creatures (others)
  22 plants
22 creatures vanquished.

Grand Total: 534 creatures vanquished

Notes
Turn   | Place    | Note
-------+----------+-------------------------------------------
     0 | D:1      | RIPer the Minotaur Hunter began the quest for the Orb.
     0 | D:1      | Reached XP level 1. HP: 18/18 MP: 0/0
   186 | D:1      | Reached XP level 2. HP: 25/25 MP: 1/1
   203 | D:1      | Found a faded altar of an unknown god.
   264 | D:1      | Reached skill level 5 in Ranged Weapons
   651 | D:1      | Reached XP level 3. HP: 30/30 MP: 2/2
  1087 | D:2      | Reached skill level 1 in Armour
  1118 | D:2      | Identified the +12 short sword "Xelij" {flame, *Rage rElec
                  | rCorr}
  1208 | D:2      | Reached XP level 4. HP: 37/37 MP: 3/3
  1575 | D:3      | Noticed Grinder
  1583 | D:3      | Killed Grinder
  1584 | D:3      | Reached XP level 5. HP: 30/42 MP: 4/4
  1584 | D:3      | Reached XP level 6. HP: 36/50 MP: 5/5
  1834 | D:3      | Identified the +4 ring mail of the Beekeeper {rC+ rN+}
  2136 | D:3      | Found a shimmering blue altar of Sif Muna.
  2313 | D:4      | Found a glowing golden altar of the Shining One.
  2667 | D:4      | Noticed Pikel
  2683 | D:4      | Killed Pikel
  2684 | D:4      | Reached skill level 5 in Armour
  2684 | D:4      | Reached XP level 7. HP: 56/56 MP: 6/6
  2769 | D:4      | Noticed Menkaure
  2785 | D:4      | Killed Menkaure
  3011 | D:4      | Found a shimmering altar of Xom.
  3011 | D:4      | Found a burning altar of Makhleb.
  3343 | D:4      | Found a white marble altar of Elyvilon.
  3393 | D:4      | Noticed Sigmund
  3397 | D:4      | Killed Sigmund
  3398 | D:4      | Reached skill level 5 in Short Blades
  3398 | D:4      | Reached XP level 8. HP: 62/62 MP: 7/7
  3586 | D:5      | Entered Level 5 of the Dungeon
  3804 | D:5      | Found a transporter.
  3804 | D:5      | Noticed sydd's ghost (novice DsEn)
  3807 | D:5      | Found a transporter.
  3924 | D:5      | Killed sydd's ghost
  4760 | D:5      | Found a radiant altar of Vehumet.
  5046 | D:6      | Reached XP level 9. HP: 68/68 MP: 8/8
  5139 | D:6      | Noticed Maggie
  5143 | D:6      | Noticed Edmund
  5149 | D:6      | Killed Maggie
  5155 | D:6      | Killed Edmund
  5635 | D:6      | Reached skill level 10 in Ranged Weapons
  5755 | D:6      | Found an opulent altar of Gozag.
  6118 | D:7      | Found a staircase to the Ecumenical Temple.
  6571 | D:7      | Found a sand-covered staircase.
  7009 | D:7      | Found a hazy altar of Hepliaklqana.
  7258 | Temple   | Entered the Ecumenical Temple
  7598 | D:8      | Reached XP level 10. HP: 71/74 MP: 9/9
  7618 | D:8      | Found an iron altar of Okawaru.
  7627 | D:8      | Became a worshipper of Warmaster Okawaru
  7630 | D:8      | Found a stormy altar of Qazlal.
  7760 | D:8      | Noticed an elephant
  7779 | D:8      | Found a staircase to the Lair.
  7804 | D:8      | Killed an elephant
  7808 | D:8      | Reached skill level 10 in Armour
  8042 | D:8      | Reached * piety under Okawaru
  8829 | D:9      | Identified the +8 trident of the Festooned God {vorpal,
                  | rElec}
  8900 | D:9      | Found Hoadud's Magic Scroll Emporium.
  8986 | D:9      | Reached skill level 3 in Fighting
  9174 | D:9      | Found a staircase to the Orcish Mines.
  9274 | D:9      | Reached skill level 4 in Fighting
  9389 | D:9      | Reached skill level 10 in Short Blades
  9394 | D:9      | Reached ** piety under Okawaru
  9399 | D:9      | Reached skill level 5 in Fighting
  9770 | D:9      | Reached skill level 6 in Fighting
 10232 | D:10     | Entered Level 10 of the Dungeon
 10255 | D:10     | Reached *** piety under Okawaru
 10256 | D:10     | Reached XP level 11. HP: 74/91 MP: 10/10
 10447 | D:10     | Found a hide-covered altar of Uskayaw.
 10579 | D:10     | Reached skill level 7 in Fighting
 11335 | D:10     | Noticed Lodul
 11338 | D:10     | Reached **** piety under Okawaru
 11344 | D:10     | Reached skill level 8 in Fighting
 11350 | D:10     | Killed Lodul
 11626 | D:10     | Noticed a hell knight
 11638 | D:10     | Killed a hell knight
 11692 | D:10     | Noticed a hell knight
 11696 | D:10     | Noticed a hell knight
 11697 | D:10     | Noticed a hell knight
 11697 | D:10     | Noticed a hell knight
 11715 | D:10     | Killed a hell knight
 11973 | D:10     | Noticed a hell knight
 11975 | D:10     | Noticed a hell knight
 11992 | D:10     | Killed a hell knight
 11993 | D:10     | Reached skill level 9 in Fighting
 12493 | D:10     | Noticed a hell knight
 13127 | D:10     | Noticed a necromancer
 13141 | D:10     | Killed a hell knight
 13736 | D:10     | Killed a necromancer
 14715 | D:10     | Reached ***** piety under Okawaru
 15290 | D:11     | Found a runed translucent door.
 15293 | D:11     | Found a runed translucent door.
 15473 | D:11     | Noticed an eight-headed hydra
 15478 | D:11     | Killed an eight-headed hydra
 15479 | D:11     | Reached skill level 10 in Fighting
 15486 | D:11     | Noticed a white ugly thing
 15489 | D:11     | Identified the +4 ring mail of Resilience {Drain Dex+4}
                  | (Okawaru gifted it to you on level 11 of the Dungeon)
 15489 | D:11     | Received a gift from Okawaru
 15490 | D:11     | Reached XP level 12. HP: 92/106 MP: 11/11
 15795 | D:11     | Noticed a centaur warrior
 15804 | D:11     | Killed a centaur warrior
 16418 | D:11     | Noticed an ogre mage
 16427 | D:11     | Killed an ogre mage
 16517 | D:11     | Reached skill level 11 in Fighting
 16652 | D:11     | Identified the ring of Ekuefrok {rC+ Str+2}
 16655 | D:11     | Got the Codex of the Squall
 16921 | D:11     | Found a portal to a secret trove of treasure.
 17281 | D:11     | Noticed a six-headed hydra
 17284 | D:11     | Reached skill level 12 in Fighting
 17295 | D:11     | Killed a six-headed hydra
 17637 | D:11     | Found a white marble altar of Elyvilon.
 18043 | D:11     | Reached skill level 13 in Fighting
 18558 | D:12     | Noticed a boulder beetle
 18617 | D:12     | Received a gift from Okawaru
 18986 | D:12     | Noticed a seven-headed hydra
 18994 | D:12     | Killed a seven-headed hydra
 18995 | D:12     | Reached XP level 13. HP: 117/122 MP: 12/12
 19236 | D:12     | Identified the +5 long sword "Wucut" {pain, Drain rF+
                  | Dex+4}
 19581 | D:12     | Reached skill level 14 in Fighting
 19923 | D:12     | Learned a level 2 spell: Blink
 20338 | D:13     | Received a gift from Okawaru
 21834 | D:13     | Reached skill level 15 in Fighting
 21986 | D:13     | Found a sparkling altar of Nemelex Xobeh.
 22523 | D:14     | Noticed Jorgrun
 22546 | D:14     | Killed Jorgrun
 23603 | Orc:1    | Entered Level 1 of the Orcish Mines
 23603 | Orc:1    | Found Eploobutiy's Magic Scroll Shop.
 23788 | Orc:2    | Entered Level 2 of the Orcish Mines
 23851 | Orc:2    | Noticed Saint Roka
 23879 | Orc:1    | Killed Saint Roka
 23879 | Orc:1    | Received a gift from Okawaru
 23880 | Orc:1    | Reached skill level 16 in Fighting
 24045 | Orc:1    | Bought a scroll of magic mapping for 97 gold pieces
 24279 | Orc:1    | Reached XP level 14. HP: 137/137 MP: 13/13
 24541 | Orc:1    | Found Wucitt's Jewellery Emporium.
 25151 | Orc:2    | Reached skill level 15 in Armour
 25554 | Orc:2    | Reached skill level 15 in Ranged Weapons
 25945 | Orc:2    | Found Kacrivir's Book Boutique.
 25958 | Orc:2    | Received a gift from Okawaru
 26191 | Orc:2    | Found Ilibam's Jewellery Shop.
 26625 | Orc:2    | Reached ****** piety under Okawaru
 27071 | Orc:2    | Found a staircase to the Elven Halls.
 27180 | Orc:2    | Gained mutation: You occasionally lose the ability to read
                  | scrolls when taking damage. [a neqoxec]
 27184 | Orc:2    | Reached skill level 17 in Fighting
 27351 | Orc:2    | Noticed an orc warlord
 27380 | Orc:2    | Killed an orc warlord
 27395 | Orc:2    | HP: 4/140 [orc priest/divine providence (16)]
 27395 | Orc:2    | Slain by an orc warrior

Illustrated notes

Levels and vault maps discovered:
D:1:      minmay_arrival_split_and_join, layout_basic,
          dreamdust_ecumenical_altar_drowned_temple
D:2:      layout_rooms
D:3:      layout_loops_ring, amcnicky_altar_gilded, uniq_grinder
D:4:      layout_basic, nicolae_elyvilon_temple_path, tso_oasis_becter,
          grunt_temple_overflow_champion_of_chaos, uniq_pikel, uniq_sigmund,
          uniq_menkaure
D:5:      layout_basic, nicolae_vehumet_altar_sigil, gammafunk_ghost_arena,
          hangedman_glass_teeth
D:6:      layout_cave_pods, mainiacjoe_overflow_paths, uniq_edmund, uniq_maggie
D:7:      layout_loops_ring, nicolae_overflow_hidden_temple,
          minmay_temple_entry_mist, nicolae_ossuary_entry_monument,
          kennysheep_flooded_box, hangedman_decor_diamond_cutter, st_stairs_12,
          serial_bayou_lagoon_b
D:8:      layout_basic, grunt_qazlal_clouds, okawaru_metal_pillars_3,
          david_lair_generic
D:9:      layout_cave_pools, orc_0_dummy, serial_shops,
          nicolae_shop_advertising_works [nicolae_subvault_shop_adworks],
          minmay_quadrilaterals
D:10:     layout_loops_ring, mainiacjoe_overflow_small_starburst,
          minmay_rotating_lava, uniq_lodul
D:11:     minmay_the_grid_triangle_9x9_rhombus_full
          [minmay_the_grid_triangle_9x9_thin_v,
          minmay_the_grid_triangle_9x9_sprig,
          minmay_the_grid_triangle_9x9_tough_junction,
          minmay_the_grid_triangle_9x9_alien,
          minmay_the_grid_triangle_9x9_empty,
          minmay_the_grid_triangle_9x9_odd_lines,
          minmay_the_grid_triangle_9x9_impossible_snake,
          minmay_the_grid_triangle_9x9_prize_insulated], layout_basic,
          nicolae_trove_entry_path_of_doom, minmay_ruined_shrine
D:12:     layout_loops_cross
D:13:     minmay_curly_fans, layout_rooms, special_room [special_room_orc],
          nemelex_xobeh_ov_fountains_minmay
D:14:     layout_loops_corners, grunt_vaults_entry_fortified,
          chequers_arboretum, uniq_jorgrun
Temple:   hellmonk_temple_of_storms
Orc:1:    layout_caves, serial_shops, nicolae_shop_stone, shop,
          portal_ice_cave_demonic_guard
Orc:2:    pubby_orc_utopia, uniq_saint_roka

Skill      XL: |  1  2  3  4  5  6  7  8  9 10 11 12 13 14 |
---------------+-------------------------------------------+-----
Ranged Weapons | 5 6 7 8 9 10 11 12 13 14 15 | 15.3
Armour         | 1 3 5 6 7 9 10 11 13 14 15 | 15.4
Short Blades   | 2 4 5 6 8 10 12 13 14 | 14.0
Fighting       | 6 10 13 16 17 | 17.1
Dodging        | |  2.1
Stealth        | |  0.7

Action                   |  1- 3 |  4- 6 |  7- 9 | 10-12 | 13-15 || total
-------------------------+-------+-------+-------+-------+-------++-------
Melee: Short sword       |       |    20 |    79 |   255 |   245 ||   599
       Headbutt          |       |     4 |    11 |    54 |    68 ||   137
       Punch             |       |     1 |       |     2 |     3 ||     6
 Fire: Shortbow          |   114 |    48 |   186 |   621 |   641 ||  1610
Evoke: Wand              |       |       |       |       |     2 ||     2
  Use: Scroll            |       |    10 |     3 |     6 |    12 ||    31
       Potion            |       |       |       |     2 |     3 ||     5
Armor: Leather armour    |     1 |       |       |       |       ||     1
       Ring mail         |    15 |    11 |    60 |   138 |   153 ||   377
Dodge: Dodged            |    31 |     9 |    69 |   216 |   182 ||   507
